 Dungeon Crawl Stone Soup version 0.22-a0-422-g9628fc8 (webtiles) character file.

82 iamserjio the Digger (level 4, 0/30 HPs)
             Began as a Formicid Earth Elementalist on May 18, 2018.
             Slain by a gnoll
             ... wielding a +0 whip
              (8 damage)
             ... on level 3 of the Dungeon.
             The game lasted 00:03:09 (2000 turns).

iamserjio the Digger (Formicid Earth Elementalist)  Turns: 2000, Time: 00:03:10

Health: 0/30       AC:  2    Str: 13    XL:     4   Next: 70%
Magic:  8/9        EV: 12    Int: 15    God:
Gold:   141        SH:  0    Dex: 11    Spells: 4/10 levels left

rFire    . . .     SeeInvis +   n - +0 rapier
rCold    . . .     Gourm    .   (no shield)
rNeg     . . .     Faith    .   c - +0 robe
rPois    .         Spirit   .   (helmet unavailable)
rElec    .         Reflect  .   (no cloak)
rCorr    .         Harm     .   (no gloves)
MR       .....                  (no boots)
Stlth    ++........             (no amulet)
HPRegen  0.10/turn              (no ring)
MPRegen  0.11/turn              (no ring)

@: no status effects
A: permanent stasis, dig shafts and tunnels, four strong arms, antennae 3
a: Dig, Shaft Self


You were on level 3 of the Dungeon.
You were hungry.

You visited 1 branch of the dungeon, and saw 3 of its levels.

You collected 141 gold pieces.

Inventory:

Hand Weapons
 e - a +0 short sword
 n - a +0 rapier (weapon)
Missiles
 b - 54 stones (quivered)
Armour
 c - a +0 robe (worn)
Scrolls
 h - 6 scrolls of remove curse {unknown}
 i - 2 scrolls of fog {unknown}
 j - 2 scrolls of identify {unknown}
 k - 2 scrolls of teleportation {unknown}
Potions
 a - 2 potions of magic {unknown}
 f - 2 potions of heal wounds {unknown}
 g - a potion of curing {unknown}
 m - a potion of might {unknown}
 o - a potion of haste {unknown}
Comestibles
 d - 6 rations


   Skills:
 - Level 1.7 Dodging
 - Level 2.4 Stealth
 + Level 3.5 Spellcasting
 - Level 1.1 Transmutations
 * Level 5.1 Earth Magic


You had 4 spell levels left.
You knew the following spells:

 Your Spells              Type           Power        Failure   Level  Hunger
a - Sandblast             Erth           ###...       2%          1    None
b - Passwall              Tmut/Erth      ##........   8%          2    ##.....
c - Stone Arrow           Conj/Erth      ##....       21%         3    ###....

Your spell library contained the following spells:

 Spells                   Type           Power        Failure   Level  Hunger
 Lee's Rapid Deconstruct  Erth           ###.......   54%         5    ######.
 Petrify                  Tmut/Erth      ##......     45%         4    ####...


Dungeon Overview and Level Annotations

Branches:
Dungeon (3/15)

Altars:

Annotations:
D:2 Terence


Innate Abilities, Weirdness & Mutations

You cannot be hasted, slowed, berserked, paralysed or teleported.
You can dig through walls and to a lower floor.
Your four strong arms can wield two-handed weapons with a shield.
You have a pair of large antennae on your head. (SInv)


Message History

b - 55 stones
Casting: Sandblast (safe; 2% risk of failure)
Confirm with . or Enter, or press ? or * to list all spells.
Aiming: Sandblast (safe; 2% risk of failure)
Press: ? - help, Shift-Dir - straight line, f/p - gnoll
Aim: a gnoll, wielding a whip (lightly wounded)
The blast of sand misses the gnoll.
The blast of sand misses the frilled lizard.
b - 54 stones The gnoll hits you with a whip.
* * * LOW HITPOINT WARNING * * *
The gnoll hits you with a whip.
* * * LOW HITPOINT WARNING * * *
A goblin comes into view. It is wielding a club.
All of the chunks of flesh in your inventory have rotted away.
Found a hand axe.
The goblin shouts!
There is a stone staircase leading up here.
The gnoll hits you with a whip!
You die...

### .. ..## ###.. ...#########...
.#...........# ##### #
.#......##...# #.... # #
.........รท.#..##.#.. #.#. #
.........####..#.#.###... ##
###......# #.#.#.##.... ## #{
###......# #..@#.......##.. ##.
.........######.g#..)....... ##..
..>.............g...# #...####g..
###.............g..#####....l....
# #........[.......# #......##.##
###.##.....(...l####.##.#....##
#.#....#....>.g..g..g........
##.......>.............#....#.
#...............###...##..##..


You could see 3 gnolls, a goblin and a frilled lizard.

Vanquished Creatures
  A gnoll (D:3)
  4 adders
  A dart slug (D:1)
  6 bats
  4 giant cockroaches (D:1)
  2 goblins (D:1)
  2 hobgoblins
  4 kobolds
  A quokka (D:3)
  2 ball pythons
  3 frilled lizards
  9 rats
39 creatures vanquished.

Notes
Turn   | Place    | Note
-------+----------+-------------------------------------------
     0 | D:1      | iamserjio the Formicid Earth Elementalist began the quest for the Orb.
     0 | D:1      | Reached XP level 1. HP: 13/13 MP: 3/3
   278 | D:1      | Reached XP level 2. HP: 19/19 MP: 3/5
   282 | D:1      | Reached skill level 4 in Earth Magic
  1043 | D:1      | Reached XP level 3. HP: 21/24 MP: 7/7
  1589 | D:2      | Reached XP level 4. HP: 28/30 MP: 8/8
  1627 | D:2      | Noticed Terence
  1678 | D:3      | Learned a level 2 spell: Passwall
  1682 | D:3      | Learned a level 3 spell: Stone Arrow
  1744 | D:3      | Reached skill level 5 in Earth Magic
  2000 | D:3      | Slain by a gnoll

Vault maps used:
D:1:      saegor_arrival_simple_c, minmay_misc_feat_pillars, serial_bayou_pond_e
D:2:      uniq_terence
D:3:      lemuel_round_altar, nicolae_overflow_crystal_walls,
          nicolae_qazlal_eye_of_the_storm, first_ration, lemuel_tele_altar

Skill      XL: |  1  2  3  4 |
---------------+-------------+-----
Earth Magic    | 4 5 |  5.1
Spellcasting   | 3 |  3.5
Dodging        | |  1.7
Stealth        | |  2.4
Transmutations | |  1.1

Action                   |  1- 3 |  4- 6 || total
-------------------------+-------+-------++-------
Melee: Unarmed           |    15 |       ||    15
       Short sword       |    81 |    17 ||    98
 Cast: Sandblast         |    13 |    11 ||    24
 Stab: Sleeping          |     3 |     1 ||     4
  Eat: Chunk             |     2 |     1 ||     3
Armor: Robe              |    24 |    13 ||    37
Dodge: Dodged            |    66 |    30 ||    96

Table legend:
 A = Spawn XP
 B = Non-spawn XP
 C = Spawn XP percentage of total XP
 D = Spawn monster count
 E = Non-spawn monster count
 F = Spawn count percentage of total count
 G = Total turns spent on level
                    A         B        C        D         E        F      G
               +---------+---------+-------+---------+---------+-------+---------
         Total |       0 |     118 |   0.0 |       0 |      39 |   0.0 |  2000
               +---------+---------+-------+---------+---------+-------+---------
           D:1 |       0 |      30 |   0.0 |       0 |      16 |   0.0 |  1215
           D:2 |       0 |      39 |   0.0 |       0 |      14 |   0.0 |   438
           D:3 |       0 |      49 |   0.0 |       0 |       9 |   0.0 |   347
               +---------+---------+-------+---------+---------+-------+---------
